 Dungeon Crawl Stone Soup version 0.18-a0-1266-g3be6530 (webtiles) character file.

732 RedPan the Carver (level 7, 0/57 HPs)
             Began as a Minotaur Chaos Knight on Feb 6, 2016.
             Splashed by a jelly's acid (5 damage)
             ... on level 5 of the Dungeon.
             The game lasted 00:10:12 (3264 turns).

RedPan the Carver (Minotaur Chaos Knight)           Turns: 3264, Time: 00:10:12

Health: 0/57       AC:  0    Str: 18 (19) XL:     7   Next: 45%
Magic:  5/5        EV: 10    Int:  7 (9)  God:    Xom [....*.]
Gold:   214        SH:  0    Dex: 10 (11) Spells: 0 memorised, 6 levels left

rFire  + . .     SeeInvis .     n - +1 great sword (chaos)
rCold  x . .     Gourm    .     u - +0 ring mail (curse)
rNeg   + . .     Faith    .     (shield currently unavailable)
rPois  .         Spirit   .     (helmet restricted)
rElec  .         Dismiss  .     (no cloak)
rCorr  .         Reflect  .     o - +0 pair of gloves
SustAt .         Harm     .     j - +0 pair of boots (curse)
MR     .....                    (no amulet)
Stlth  ..........               t - ring of loudness (curse)
                                s - ring "Rutwoeph" {Fire rN+}

@: corroded equipment, not resistant to hostile enchantments, extremely
unstealthy
A: retaliatory headbutt, horns 2, low mp 1, strong 1, MP-powered wands
a: Renounce Religion


You were on level 5 of the Dungeon.
You worshipped Xom.
You were a beloved toy of Xom.
You were hungry.

You visited 1 branch of the dungeon, and saw 5 of its levels.

You collected 214 gold pieces.

Inventory:

Hand Weapons
 a - a +1 falchion of chaos
 n - a +1 great sword of chaos (weapon)
Armour
 b - a +3 leather armour
 j - a cursed +0 pair of boots (worn)
 o - a +0 pair of gloves (worn)
 u - a cursed +0 ring mail (worn)
Jewellery
 f - an uncursed ring of flight
 q - a +2 ring of intelligence
 r - an uncursed ring of protection from cold
 s - the ring "Rutwoeph" (left hand) {Fire rN+}
   (Xom gifted it to you on level 5 of the Dungeon)

   [ring of fire]

   It enhances your fire magic, and weakens your ice magic.
   It protects you from fire.
   It makes you vulnerable to cold.
   It protects you from negative energy.
 t - a cursed ring of loudness (right hand)
 x - a +2 ring of dexterity
Scrolls
 g - a scroll of noise
 k - 4 scrolls of identify
 m - a scroll of enchant armour
Potions
 e - a potion of agility
 h - a potion of brilliance
 i - a potion of curing
 l - 2 potions of flight
Books
 p - a book of Enchantments

   Spells                             Type                      Level
   a - Cause Fear                     Hexes                        4
   b - Yara's Violent Unravelling     Hexes/Transmutation          5
   c - Silence                        Hexes/Air                    5
   d - Deflect Missiles               Charms/Air                   6
   e - Haste                          Charms                       6
   f - Discord                        Hexes                        8
Comestibles
 c - 7 bread rations
 d - 2 meat rations


   Skills:
 - Level 3.6 Fighting
 + Level 10.5 Long Blades
 - Level 2.4 Armour
 - Level 1.1 Dodging


You had 6 spell levels left.
You didn't know any spells.

Dungeon Overview and Level Annotations

Branches:
Dungeon (5/15)
 Temple: D:4-7

Altars:
Dithmenos
Elyvilon
Kikubaaqudgha
Ru
Yredelemnul


Innate Abilities, Weirdness & Mutations

You reflexively headbutt those who attack you in melee.
You have a pair of horns on your head.
Your magical capacity is low (-10% MP).
Your muscles are strong. (Str +2)
You expend magic power (3 MP) to strengthen your wands.


Message History

You slash the ogre!
The ogre is severely wounded.
The ogre misses you. You furiously retaliate!
You headbutt the ogre!
You kill the ogre!
You feel your dexterity returning. The jelly barely misses you.
You furiously retaliate!
You headbutt the jelly!
You see here a giant club.
You slash the jelly! You burn the jelly.
Your hands burn!
* * * LOW HITPOINT WARNING * * *
The jelly is severely wounded.
The jelly hits you.
* * * LOW HITPOINT WARNING * * *
You are splashed with acid!
The acid corrodes you!
The acid burns!
* * * LOW HITPOINT WARNING * * *
You barely miss the jelly.
The jelly is severely wounded.
The jelly barely misses you.
You hit the jelly. You burn the jelly. The acid corrodes you!
Your hands burn!
You die...
Xom bursts into laughter!

#........# #.#......##
#.#........ #####.#........
#### #.....#.######. ...####
#.#####.# ......# #.# #.#
......####.# #.#
......##...#####@########
......##.#....##J#......#
..######.#....##.#......#
.................#......##.##
..............(..'..........+
######......####.#.......#.##
#......# #..######.#
###...................
#..........J...... ...


You could see a jelly.

Vanquished Creatures
  4 ogres
  2 crimson imps
  A hound (D:4)
  An orc priest (D:3)
  2 worker ants
  5 adders
  3 shadow imps (D:5)
  2 worms (D:2)
  A giant gecko (D:2)
  9 orcs
  11 bats
  3 giant cockroaches
  6 goblins
  6 hobgoblins
  11 jackals
  A quokka (D:4)
  4 ball pythons
  9 giant newts
  2 gnoll zombies (D:2)
  A jackal skeleton (D:5)
  8 kobolds
  A quokka skeleton (D:4)
  39 rats
132 creatures vanquished.

Vanquished Creatures (others)
  A giant frog skeleton (D:5)
  A quokka (D:5)
2 creatures vanquished.

Grand Total: 134 creatures vanquished

Notes
Turn   | Place    | Note
--------------------------------------------------------------
     0 | D:1      | RedPan the Minotaur Chaos Knight began the quest for the Orb.
     0 | D:1      | Reached XP level 1. HP: 19/19 MP: 0/0
    52 | D:1      | XOM: harmless Pois miscast
    73 | D:1      | Reached skill level 4 in Long Blades
    79 | D:1      | XOM: divination: magic mapping
   121 | D:1      | XOM: divination: detect items
   203 | D:1      | Reached XP level 2. HP: 26/26 MP: 1/1
   701 | D:1      | XOM: divination: detect creatures
   712 | D:2      | Reached skill level 5 in Long Blades
   717 | D:2      | XOM: noise
   783 | D:2      | Reached XP level 3. HP: 28/31 MP: 2/2
   942 | D:2      | Found an ancient bone altar of Kikubaaqudgha.
  1011 | D:2      | Found a basalt altar of Yredelemnul.
  1152 | D:2      | XOM: harmless Chrm miscast
  1331 | D:2      | Gained mutation: You expend magic power (3 MP) to strengthen your wands. [potion of mutation]
  1331 | D:2      | Gained mutation: Your magical capacity is low (-10% MP). [potion of mutation]
  1331 | D:2      | Gained mutation: Your muscles are strong. (Str +2) [potion of mutation]
  1412 | D:3      | Reached skill level 6 in Long Blades
  1412 | D:3      | Reached XP level 4. HP: 33/39 MP: 2/2
  1788 | D:3      | XOM: destruction
  1788 | D:3      | Reached XP level 5. HP: 45/45 MP: 3/3
  1816 | D:3      | XOM: cast spell 'Ice Form'
  1918 | D:3      | Reached skill level 7 in Long Blades
  2076 | D:3      | XOM: medium Necr miscast
  2188 | D:4      | Noticed an ogre
  2277 | D:3      | XOM: vitrification
  2286 | D:4      | Noticed an ogre
  2295 | D:3      | Killed an ogre
  2295 | D:3      | Reached skill level 8 in Long Blades
  2419 | D:4      | Reached XP level 6. HP: 51/51 MP: 4/4
  2547 | D:4      | XOM: snakes to sticks
  2550 | D:4      | Reached skill level 9 in Long Blades
  2554 | D:4      | XOM: divination: magic mapping
  2604 | D:4      | XOM: vitrification
  2644 | D:4      | Found a shadowy altar of Dithmenos.
  2737 | D:4      | Found a white marble altar of Elyvilon.
  2737 | D:4      | Found a sacrificial altar of Ru.
  2775 | D:5      | Entered Level 5 of the Dungeon
  2782 | D:5      | Reached XP level 7. HP: 3/57 MP: 5/5
  2846 | D:5      | XOM: god gift: translucent ivory ring {god gift}
  2847 | D:5      | Got a translucent ivory ring {god gift}
  2849 | D:5      | Identified the ring "Rutwoeph" {Fire rN+} (Xom gifted it to you on level 5 of the Dungeon)
  2936 | D:5      | XOM: noise
  3061 | D:5      | Reached skill level 10 in Long Blades
  3212 | D:5      | XOM: god gift: runed great sword {god gift}
  3256 | D:5      | XOM: divine lightning
  3264 | D:5      | Splashed by a jelly's acid

Vault maps used:
D:1:      dpeg_arrival_ternary
D:2:      overflow_temple_1_default, lemuel_zombie_altar_yredelemnul,
          first_bread
D:3:      minmay_rats_cheesy_pizza
D:4:      overflow_temple_1_default, gammafunk_temple_overflow_wave
D:5:      kennysheep_mini_moat

Action                   |  1- 3 |  4- 6 |  7- 9 || total
-------------------------+-------+-------+-------++-------
Melee: Falchion          |   111 |   132 |    16 ||   259
       Unarmed           |       |     2 |       ||     2
       Great sword       |       |       |    11 ||    11
  Use: Scroll            |     7 |     3 |       ||    10
       Potion            |     6 |     4 |     1 ||    11
 Stab: Confused          |     1 |       |       ||     1
  Eat: Chunk             |     2 |     2 |       ||     4
       Pizza             |       |     1 |     1 ||     2
